 Dungeon Crawl Stone Soup version 0.26.0-20-g3ca415f5b8 (webtiles) character file.

Game seed: 15317918441012811368

91116 Majorwet the Brawler (level 15, -7/119 HPs)
             Began as a Demonspawn Fighter on Jan 25, 2021.
             Was the Champion of Okawaru.
             Splashed by a goliath frog's acid (9 damage)
             ... called by a spriggan druid
             ... on level 4 of the Swamp.
             The game lasted 02:22:33 (29108 turns).

Majorwet the Brawler (Demonspawn Fighter)          Turns: 29108, Time: 02:22:35

Health: -7/119     AC: 15    Str: 33    XL:     15   Next: 54%
Magic:  0/25       EV: 14    Int:  9    God:    Okawaru [******]
Gold:   1466       SH: 16    Dex: 16    Spells: 14/14 levels left

rFire    + . .     SeeInvis .     - Unarmed
rCold    + + .     Faith    .   b - +0 kite shield
rNeg     + . .     Spirit   +   L - +3 ring mail "Wipeawn" {rPois rC+ Str+3}
rPois    +         Reflect  .   z - +0 helmet of Ventio {+Inv rC+ MP+9}
rElec    .         Harm     .   A - +1 cloak
rCorr    .         Rampage  .   (gloves unavailable)
Will     +....                  s - +2 pair of boots
Stlth    ++++......             P - amulet of the acrobat
HPRegen  0.29/turn              Z - +4 ring of protection
MPRegen  0.38/turn              x - +6 ring of strength

@: about to teleport, heroism, corroded, studying Armour
A: claws 3, thin skeletal structure 2, fire resistance 1, ignite blood, negative
energy resistance 1, magic shield, magic regeneration, flame cloud immunity
a: Renounce Religion, Evoke Invisibility, Heroism, Finesse


You were on level 4 of the Swamp.
You worshipped Okawaru.
Okawaru was exalted by your worship.
You visited 4 branches of the dungeon, and saw 21 of its levels.

You collected 2217 gold pieces.
You spent 751 gold pieces at shops.

Inventory:

Hand Weapons
 k - the +6 demon blade of Gravity {venom, rN+ Will+}
   (Okawaru gifted it to you on level 5 of the Lair of Beasts)

   It poisons the flesh of those it strikes.
   It protects you from negative energy.
   It affects your willpower, your defense against some magical effects.
 H - a +2 arbalest of freezing
 I - the +7 morningstar of Patience {vorpal, Will- Dex+9}
   (Okawaru gifted it to you on level 2 of the Orcish Mines)

   It inflicts extra damage upon your enemies.
   It affects your dexterity (+9).
   It affects your willpower, your defense against some magical effects.
Armour
 b - a +0 kite shield (worn)
 n - the quicksilver dragon scales "Cafi" {rElec Will+ Int+3}
   (You found it on level 5 of the Lair of Beasts)

   It affects your intelligence (+3).
   It insulates you from electricity.
   It affects your willpower, your defense against some magical effects.
 s - a +2 pair of boots (worn)
 z - the +0 helmet of Ventio (worn) {+Inv rC+ MP+9}
   (Okawaru gifted it to you on level 1 of the Swamp)

   It protects you from cold.
   It affects your magic capacity (+9).
   It lets you turn invisible.
 A - a +1 cloak (worn)
 L - the +3 ring mail "Wipeawn" (worn) {rPois rC+ Str+3}
   (You bought it in a shop on level 2 of the Orcish Mines)

   It affects your strength (+3).
   It protects you from cold.
   It protects you from poison.
 Q - a +0 ring mail
Jewellery
 f - an uncursed ring of see invisible
 m - a +4 ring of evasion
 x - a +6 ring of strength (right claw)
 C - an uncursed ring of positive energy
 G - an uncursed ring of flight
 P - an amulet of the acrobat (around neck)
 U - an uncursed ring of positive energy
 Z - a +4 ring of protection (left claw)
Wands
 p - a wand of enslavement (26)
 w - a wand of random effects (48)
 y - a wand of acid (1)
 E - a wand of polymorph (1)
 R - a wand of iceblast (23)
 S - a wand of paralysis (4) (quivered)
 Y - a wand of flame (17)
Scrolls
 a - 4 scrolls of enchant weapon
 e - 6 scrolls of remove curse
 i - 6 scrolls of magic mapping
 l - 2 scrolls of random uselessness
 q - 3 scrolls of immolation
 r - 4 scrolls of fog
 t - 4 scrolls of teleportation
 u - 6 scrolls of amnesia
 J - a scroll of silence
 K - 3 scrolls of enchant armour
 V - 2 scrolls of brand weapon
Potions
 c - a potion of ambrosia {unknown}
 d - 8 potions of lignification
 g - a potion of flight {unknown}
 h - 5 potions of brilliance
 j - 6 potions of curing
 o - 2 potions of resistance
 B - 6 potions of mutation
 M - 4 potions of attraction
 N - 3 potions of degeneration
 O - 3 potions of magic {unknown}
 T - a potion of cancellation {unknown}
Books
 X - a manual of Armour
Miscellaneous
 v - a phantom mirror


   Skills:
 * Level 11.2(16.2) Fighting
 - Level 6.5(11.5) Maces & Flails
 + Level 10.6(15.6) Armour
 + Level 10.8(15.8) Shields
 * Level 16.1(21.1) Unarmed Combat
 - Level 2.1 Invocations
 + Level 8.0 Evocations


You had 14 spell levels left.
You didn't know any spells.
Your spell library contained the following spells:

 Spells                   Type           Power        Failure   Level
 Apportation              Tloc           0%           45%         1
 Beastly Appendage        Tmut           0%           45%         1
 Blink                    Tloc           N/A          58%         2
 Corpse Rot               Necr/Air       N/A          58%         2
 Ensorcelled Hibernation  Hex/Ice        0%           58%         2
 Poisonous Vapours        Pois/Air       0%           58%         2
 Sublimation of Blood     Necr           0%           58%         2
 Wereblood                Tmut           0%           58%         2
 Confusing Touch          Hex            0%           83%         3
 Conjure Flame            Conj/Fire      0%           83%         3
 Dazzling Flash           Conj/Hex       0%           83%         3
 Gell's Gravitas          Tloc           0%           83%         3
 Lesser Beckoning         Tloc           0%           83%         3
 Mephitic Cloud           Conj/Pois/Air  0%           83%         3
 Spider Form              Tmut/Pois      0%           83%         3
 Teleport Other           Tloc           0%           83%         3
 Tukima's Dance           Hex            0%           83%         3
 Cause Fear               Hex            0%           99%         4
 Dispel Undead            Necr           0%           99%         4
 Ice Form                 Ice/Tmut       0%           99%         4
 Petrify                  Tmut/Erth      0%           99%         4
 Agony                    Necr           0%           100%        5
 Alistair's Intoxication  Tmut/Pois      0%           100%        5
 Blade Hands              Tmut           0%           100%        5
 Bolt of Magma            Conj/Fire/Erth 0%           100%        5
 Borgnjor's Vile Clutch   Necr/Erth      0%           100%        5
 Excruciating Wounds      Necr           0%           100%        5
 Iskenderun's Battlesphe  Conj           0%           100%        5
 Metabolic Englaciation   Hex/Ice        0%           100%        5
 Silence                  Hex/Air        0%           100%        5
 Yara's Violent Unravell  Hex/Tmut       0%           100%        5
 Freezing Cloud           Conj/Ice/Air   0%           100%        6
 Invisibility             Hex            0%           100%        6
 Iron Shot                Conj/Erth      0%           100%        6
 Shadow Creatures         Summ           N/A          100%        6
 Orb of Destruction       Conj           0%           100%        7
 Spellforged Servitor     Conj/Summ      0%           100%        7
 Discord                  Hex            0%           100%        8


Dungeon Overview and Level Annotations

Branches:
Dungeon (9/15)             Temple (0/1) D:5            Lair (6/6) D:9
  Swamp (4/4) Lair:3        Snake (0/4) Lair:4        Slime (0/5) Lair:6
    Orc (2/2) D:9             Elf (0/3) Orc:2

Altars:
Elyvilon
Kikubaaqudgha
Makhleb
Nemelex Xobeh
Okawaru
Qazlal
Ru
Trog
Vehumet
Wu Jian
Xom
Beogh

Shops:
Orc:2 ([*((

Portals:
Hell: Lair:6


Innate Abilities, Weirdness & Mutations

You have claws for hands.
You have a moderately thin skeletal structure. (Dex +4, Stealth+)
Your flesh is heat resistant. (rF+)
Your demonic aura causes spilled blood to erupt in flames.
You resist negative energy. (rN+)
When hurt, damage is shared between your health and your magic reserves.
You regenerate magic rapidly.
You are immune to clouds of flame.


Message History

You block the goliath frog's attack. You block the alligator's attack.
The alligator tail-slaps you but does no damage.
You gain the combat prowess of a mighty hero.
The goliath frog hits you!
You are splashed with acid!
The alligator barely misses you.
The alligator tail-slaps you but does no damage.
You barely miss the goliath frog.
The goliath frog is engulfed in blazing flames.
The goliath frog hits you!! The acid corrodes you!
You are splashed with acid!
* * * LOW HITPOINT WARNING * * *
The alligator bites you!
* * * LOW HITPOINT WARNING * * *
The alligator barely misses you.
As you read the scroll of teleportation, it crumbles to dust.
You feel strangely unstable.
The goliath frog is engulfed in blazing flames.
The goliath frog hits you!!
* * * LOW HITPOINT WARNING * * *
The acid corrodes you!
You are splashed with acid!
You die...

♣♣♣♣ ♣♣≈≈♣♣♣♣♣♣♣
♣≈÷≈≈≈≈.≈§♣♣
♣.≈≈≈≈≈≈..≈♣
♣♣♣♣≈≈≈≈§≈.♣ §♣
♣≈≈≈.≈@F♣♣ ...
♣♣..§♣♣tD♣♣♣≈≈≈.
.
♣♣♣♣♣♣♣≈≈≈≈.≈.♣
≈ ♣♣♣☼....≈≈♣♣♣♣
≈ ♣♣♣≈.≈†≈≈..♣♣
y ♣...≈§≈.°.≈♣ ≈
≈.§≈≈≈○°°≈[♣ ≈
..≈n≈≈≈≈≈≈.≈≈≈.
≈
♣≈≈≈≈≈≈≈≈.♣♣..≈


You could see an alligator, a swamp dragon and a goliath frog (strong).

Vanquished Creatures
  The ghost of kelmiir the Thaumaturge, a journeyman DrAE of Sif Muna (Lair:5)
  Nessos (Lair:4)
  A dire elephant (Lair:6)
  4 bunyips
  The ghost of Cazemata the Severer, a journeyman MiBe of Trog (Lair:2)
  3 eleionomae
  A hell beast (Lair:6)
  17 hydras
  5 ghost crabs
  3 alligators
  11 death yaks
  An orc high priest (Orc:1)
  3 goliath frogs (Swamp:1)
  4 spriggan druids
  3 swamp dragons
  4 bog bodies
  A wizard (Lair:6)
  7 orc knights (Orc:2)
  An orc sorcerer (Orc:1)
  5 will-o-the-wisps
  5 elephants
  17 cane toads
  A gargoyle (D:9)
  A smoke demon (Lair:6)
  A black mamba (Lair:5)
  2 orange demons (Lair:6)
  2 torpor snails (Lair:6)
  4 swamp worm zombies (Swamp:4)
  6 rime drakes
  2 ice devils (Lair:6)
  9 komodo dragons
  5 polar bears
  3 trolls
  4 tyrant leeches
  A red devil (Lair:6)
  3 hornets
  2 wandering mushrooms (Lair:3)
  An alligator zombie (Swamp:4)
  8 blink frogs
  Sigmund (D:2)
  6 spriggans
  11 wyverns
  2 basilisks
  Eustachio (D:4)
  3 fire bats (Lair:1)
  30 yaks
  A fire elemental (Lair:1)
  7 vampire mosquitoes
  10 wargs
  16 swamp worms
  16 water moccasins
  4 hell hounds (Lair:6)
  2 ice beasts
  37 orc warriors
  3 black bears
  5 swamp drakes
  2 centaurs (D:8)
  2 phantoms
  18 wolves
  7 ogres
  4 big kobolds
  10 bullfrogs
  A gnoll sergeant (D:8)
  A cane toad simulacrum (Lair:2)
  3 scorpions
  2 ballistomycetes (Lair:3)
  9 killer bees
  A blink frog simulacrum (Lair:2)
  2 electric eels (Lair:2)
  4 wights
  6 howler monkeys
  A rime drake simulacrum (Lair:2)
  A centaur zombie (D:5)
  A bullfrog zombie (D:7)
  3 hounds
  14 jellies
  A quasit (D:9)
  8 orc priests
  A centaur skeleton (D:4)
  2 gnoll shamans
  8 orc wizards
  2 bullfrog skeletons (D:6)
  6 iguanas
  A yak simulacrum (Lair:2)
  7 worker ants
  A wolf simulacrum (Lair:2)
  A basilisk simulacrum (Lair:2)
  A black bear simulacrum (Lair:2)
  A worker ant zombie (D:5)
  19 gnolls
  17 adders
  2 shadow imps
  3 white imps
  2 ufetubi
  2 oozes
  2 adder skeletons
  2 adder zombies
  3 worms
  7 leopard geckos
  60 orcs
  A ball python (D:2)
  7 bats
  6 giant cockroaches
  5 goblins
  8 hobgoblins
  4 jackals
  7 kobolds
  6 quokkas
  6 frilled lizards
  A quokka zombie (D:6)
  10 rats
  A ballistomycete spore (Lair:3)
  3 bushes (Lair:1)
625 creatures vanquished.

Vanquished Creatures (others)
  A goliath frog (Swamp:4)
  4 bloated husks
  A spriggan (Swamp:2)
  2 vampire mosquitoes (Swamp:2)
  13 ballistomycete spores (Lair:3)
  26 foxfires
  55 fungi
  107 plants
  2 withered plants (Lair:5)
211 creatures vanquished.

Grand Total: 836 creatures vanquished

Notes
Turn   | Place    | Note
-------+----------+-------------------------------------------
     0 | D:1      | Majorwet the Demonspawn Fighter began the quest for the
                  | Orb.
     0 | D:1      | Reached XP level 1. HP: 18/18 MP: 1/1
   484 | D:1      | Gained mutation: Your flesh is heat resistant. (rF+)
                  | [demonic ancestry]
   484 | D:1      | Reached XP level 2. HP: 24/24 MP: 2/2
   906 | D:1      | Reached skill level 2 in Unarmed Combat
  1126 | D:2      | Noticed Sigmund
  1174 | D:2      | Killed Sigmund
  1175 | D:2      | Reached skill level 3 in Unarmed Combat
  1175 | D:2      | Gained mutation: You are immune to clouds of flame.
                  | [demonic ancestry]
  1175 | D:2      | Reached XP level 3. HP: 18/29 MP: 3/3
  1175 | D:2      | Reached XP level 4. HP: 22/35 MP: 4/4
  1175 | D:2      | Gained mutation: You have sharp fingernails. [demonic
                  | ancestry]
  1175 | D:2      | Reached XP level 5. HP: 25/41 MP: 5/5
  1353 | D:2      | Found an iron altar of Okawaru.
  1476 | D:2      | Became a worshipper of Warmaster Okawaru
  2138 | D:3      | Reached skill level 4 in Unarmed Combat
  2460 | D:3      | Gained mutation: You have a somewhat thin skeletal
                  | structure. (Dex +2, Stealth) [demonic ancestry]
  2460 | D:3      | Reached XP level 6. HP: 48/48 MP: 6/6
  3885 | D:4      | Noticed Eustachio
  4317 | D:4      | Killed Eustachio
  4318 | D:4      | Reached skill level 5 in Unarmed Combat
  4318 | D:4      | Gained mutation: You have a moderately thin skeletal
                  | structure. (Dex +4, Stealth+) [demonic ancestry]
  4318 | D:4      | Reached XP level 7. HP: 38/54 MP: 7/7
  4349 | D:4      | Reached * piety under Okawaru
  4651 | D:5      | Entered Level 5 of the Dungeon
  4772 | D:5      | Found a staircase to the Ecumenical Temple.
  5089 | D:5      | Reached skill level 6 in Unarmed Combat
  5729 | D:5      | Gained mutation: Your demonic aura causes spilled blood to
                  | erupt in flames. [demonic ancestry]
  5729 | D:5      | Reached XP level 8. HP: 56/61 MP: 8/8
  6246 | D:6      | Reached skill level 7 in Unarmed Combat
  6287 | D:6      | Found a stormy altar of Qazlal.
  6353 | D:6      | Found an ornate altar of the Wu Jian Council.
  6398 | D:6      | Reached ** piety under Okawaru
  6455 | D:6      | Found a shimmering altar of Xom.
  6458 | D:6      | Found a radiant altar of Vehumet.
  6817 | D:6      | Reached skill level 1 in Evocations
  6878 | D:6      | Reached skill level 5 in Fighting
  7147 | D:6      | Reached skill level 8 in Unarmed Combat
  7828 | D:7      | Reached XP level 9. HP: 57/68 MP: 9/9
  7837 | D:7      | Reached skill level 5 in Armour
  8224 | D:7      | Found a sparkling altar of Nemelex Xobeh.
  8507 | D:7      | Found an ancient bone altar of Kikubaaqudgha.
  9233 | D:8      | Reached skill level 5 in Shields
  9362 | D:8      | Reached *** piety under Okawaru
  9438 | D:8      | Reached skill level 9 in Unarmed Combat
 10082 | D:9      | Noticed a gargoyle
 10084 | D:9      | Killed a gargoyle
 10084 | D:9      | Reached **** piety under Okawaru
 10101 | D:9      | Got a slimy chain mail
 10112 | D:9      | Identified the +1 chain mail "Memeug" {Str+2} (You found it
                  | on level 9 of the Dungeon)
 10194 | D:9      | Found a bloodstained altar of Trog.
 10198 | D:9      | Gained mutation: You have very sharp fingernails. [demonic
                  | ancestry]
 10198 | D:9      | Reached XP level 10. HP: 76/76 MP: 10/10
 10265 | D:9      | Reached skill level 10 in Unarmed Combat
 10498 | D:9      | Found a staircase to the Lair.
 10788 | D:9      | Found a white marble altar of Elyvilon.
 10848 | D:9      | Reached skill level 11 in Unarmed Combat
 10851 | D:9      | Reached ***** piety under Okawaru
 10864 | D:9      | Found a staircase to the Orcish Mines.
 11372 | Orc:1    | Entered Level 1 of the Orcish Mines
 11511 | Orc:1    | Noticed an orc sorcerer
 11517 | Orc:1    | Paralysed by an orc sorcerer for 3 turns
 11518 | Orc:1    | Killed an orc sorcerer
 11518 | Orc:1    | Received a gift from Okawaru
 11519 | Orc:1    | Gained mutation: You have claws for hands. [demonic
                  | ancestry]
 11519 | Orc:1    | Reached XP level 11. HP: 83/83 MP: 11/11
 12003 | Orc:2    | Entered Level 2 of the Orcish Mines
 12003 | Orc:2    | Noticed an orc high priest
 12012 | Orc:1    | Killed an orc high priest
 12347 | Orc:2    | Noticed an orc knight
 12355 | Orc:2    | Noticed an orc knight
 12357 | Orc:2    | Killed an orc knight
 12358 | Orc:2    | Reached skill level 12 in Unarmed Combat
 12368 | Orc:2    | Killed an orc knight
 12369 | Orc:2    | Reached skill level 5 in Evocations
 12381 | Orc:2    | Reached skill level 1 in Invocations
 12405 | Orc:2    | Noticed an orc knight
 12425 | Orc:2    | Killed an orc knight
 12460 | Orc:2    | Found a roughly hewn altar of Beogh.
 12639 | Orc:2    | Found Ysmankis's Antique Weapon Shop.
 12828 | Orc:2    | Found a staircase to the Elven Halls.
 12966 | Orc:2    | Noticed an orc knight
 12967 | Orc:2    | Found Waogexop's Armour Emporium.
 13008 | Orc:2    | Killed an orc knight
 13529 | Orc:2    | Found Tetuoso's Weapon Emporium.
 13672 | Orc:2    | Found Novutsen's Antique Weapon Shop.
 13672 | Orc:2    | Noticed an orc knight
 13672 | Orc:2    | Noticed an orc knight
 13684 | Orc:2    | Killed an orc knight
 13687 | Orc:2    | Killed an orc knight
 13688 | Orc:2    | Reached skill level 13 in Unarmed Combat
 14066 | Orc:2    | Found Lolotuq's General Store.
 14066 | Orc:2    | Noticed an orc knight
 14076 | Orc:2    | Killed an orc knight
 14077 | Orc:2    | Reached XP level 12. HP: 56/91 MP: 10/13
 14077 | Orc:2    | Received a gift from Okawaru
 14096 | Orc:2    | Got a polished morningstar {god gift}
 14102 | Orc:2    | Identified the +7 morningstar of Patience {vorpal, Will-
                  | Dex+9} (Okawaru gifted it to you on level 2 of the Orcish
                  | Mines)
 14105 | Orc:2    | Bought a potion of invisibility for 96 gold pieces
 14105 | Orc:2    | Bought a scroll of enchant armour for 90 gold pieces
 14114 | Orc:2    | Bought the +3 ring mail "Wipeawn" {rPois rC+ Str+3} for 565
                  | gold pieces
 14448 | Lair:1   | Entered Level 1 of the Lair of Beasts
 14629 | Lair:1   | Noticed an eight-headed hydra
 14635 | Lair:1   | Reached skill level 1 in Maces & Flails
 14639 | Lair:1   | Killed an eight-headed hydra
 14986 | Lair:1   | Noticed a five-headed hydra
 14991 | Lair:1   | Killed a five-headed hydra
 15877 | Lair:2   | Found a runed translucent gate.
 15877 | Lair:2   | Found a runed translucent gate.
 15877 | Lair:2   | Found a runed translucent gate.
 16133 | Lair:2   | Noticed a seven-headed hydra
 16199 | Lair:2   | Killed a seven-headed hydra
 16231 | Lair:2   | Found a sacrificial altar of Ru.
 16248 | Lair:2   | Noticed a four-headed hydra
 16254 | Lair:2   | Killed a four-headed hydra
 16254 | Lair:2   | Reached ****** piety under Okawaru
 16394 | Lair:2   | Received a gift from Okawaru
 16398 | Lair:2   | Got an ichor-stained flail {god gift}
 16399 | Lair:2   | Identified the +9 flail of Taes Jea {speed, rN+} (Okawaru
                  | gifted it to you on level 2 of the Lair of Beasts)
 16448 | Lair:2   | Noticed Cazemata's ghost (journeyman MiBe)
 17003 | Lair:2   | Killed Cazemata's ghost
 17498 | Lair:3   | Noticed a four-headed hydra
 17507 | Lair:3   | Killed a six-headed hydra
 17509 | Lair:3   | Gained mutation: When hurt, damage is shared between your
                  | health and your magic reserves. [demonic ancestry]
 17509 | Lair:3   | Reached XP level 13. HP: 100/100 MP: 14/14
 18207 | Lair:3   | Received a gift from Okawaru
 18540 | Lair:3   | Found a staircase to the Swamp.
 18698 | Lair:4   | Noticed Nessos
 19038 | Lair:4   | Reached skill level 5 in Maces & Flails
 19615 | Lair:4   | Found a staircase to the Snake Pit.
 19886 | Lair:4   | Killed Nessos
 20408 | Lair:5   | Reached skill level 10 in Fighting
 21053 | Lair:5   | Identified the Handbook of the Dislocated Oath
 21258 | Lair:5   | Received a gift from Okawaru
 21265 | Lair:5   | Got a twisted demon blade {god gift}
 21266 | Lair:5   | Identified the +6 demon blade of Gravity {venom, rN+ Will+}
                  | (Okawaru gifted it to you on level 5 of the Lair of Beasts)
 21318 | Lair:5   | Found a runed translucent door.
 21323 | Lair:5   | Noticed kelmiir's ghost (journeyman DrAE)
 21591 | Lair:5   | Killed kelmiir's ghost
 21592 | Lair:5   | Gained mutation: You resist negative energy. (rN+) [demonic
                  | ancestry]
 21592 | Lair:5   | Reached XP level 14. HP: 86/110 MP: 9/15
 21596 | Lair:5   | Got warped quicksilver dragon scales
 21611 | Lair:5   | Identified the quicksilver dragon scales "Cafi" {rElec
                  | Will+ Int+3} (You found it on level 5 of the Lair of
                  | Beasts)
 21698 | Lair:6   | Entered Level 6 of the Lair of Beasts
 22143 | Lair:6   | Received a gift from Okawaru
 22460 | Lair:6   | Found a staircase to the Slime Pits.
 22478 | Lair:6   | Reached skill level 14 in Unarmed Combat
 22792 | Lair:6   | Found a burning altar of Makhleb.
 23073 | Lair:6   | Found a gateway to Hell.
 23283 | Lair:6   | Reached skill level 10 in Shields
 23914 | Swamp:1  | Entered Level 1 of the Swamp
 24049 | Swamp:1  | Reached skill level 10 in Armour
 24443 | Swamp:1  | HP: 2/111 [eleionoma/spray of wooden splinters (12)]
 24953 | Swamp:1  | Received a gift from Okawaru
 24968 | Swamp:1  | Got a jewelled helmet {god gift}
 24980 | Swamp:1  | Identified the +0 helmet of Ventio {+Inv rC+ MP+9} (Okawaru
                  | gifted it to you on level 1 of the Swamp)
 25113 | Swamp:1  | Found a sparkling altar of Nemelex Xobeh.
 25126 | Swamp:1  | Reached skill level 15 in Unarmed Combat
 26311 | Swamp:2  | Gained mutation: You regenerate magic rapidly. [demonic
                  | ancestry]
 26311 | Swamp:2  | Reached XP level 15. HP: 99/113 MP: 16/16
 28419 | Swamp:4  | Entered Level 4 of the Swamp
 28521 | Swamp:4  | Received a gift from Okawaru
 28533 | Swamp:4  | HP: 3/118 [bog body (8)]
 28542 | Swamp:4  | HP: 5/118 [swamp dragon (2)]
 28542 | Swamp:4  | HP: 1/118 [swamp dragon (4)]
 28902 | Swamp:4  | Reached skill level 16 in Unarmed Combat
 29108 | Swamp:4  | HP: 2/119 [goliath frog[a spriggan druid] (21)]
 29108 | Swamp:4  | Splashed by a goliath frog's acid

Illustrated notes

Levels and vault maps discovered:
D:1:      minmay_arrival_shoal_huts, layout_basic, minmay_rat_gold_closets
D:2:      layout_basic, nicolae_overflow_crystal_walls, minmay_bisected,
          uniq_sigmund
D:3:      layout_basic
D:4:      layout_loops_cross, uniq_eustachio
D:5:      layout_gridville, temple_pool_b
D:6:      layout_cave_pools, nicolae_overflow_hidden_temple, basic_altar,
          nicolae_qazlal_eye_of_the_storm
D:7:      layout_basic, marbit_many_paths, serial_bayou_pond_b, minivault_4,
          hangedman_decor_clover_reticule, nemelex_diamond_rough_becter
D:8:      layout_basic
D:9:      layout_loops_ring, minmay_lair_entry_grove,
          kennysheep_orc_monster_closet_entryway, basic_altar,
          trog_butcher_becter
Lair:1:   layout_gridlike, serial_forest, infiniplex_forest_end_2,
          infiniplex_forest_straight_2, infiniplex_forest_end_3,
          infiniplex_forest_lined_room_2, infiniplex_forest_lined_2,
          infiniplex_forest_clump_diagonal, infiniplex_forest_clump_C,
          infiniplex_forest_lined_2, nicolae_volcano_entry_batcave,
          beast_lair_carwin_4
Lair:2:   layout_gridlike, gammafunk_ghost_icy, basic_altar,
          serial_bayou_shore_b, lemuel_fruit_tree, lemuel_fruit_fields,
          serial_bayou_shore_a
Lair:3:   layout_hall_layers, palyth_hydra_swamp_entry, grunt_megastairs_4,
          serial_bayou_shore_b, minmay_lair_oklob_chamber, lemuel_fruit_fields
Lair:4:   layout_misc_corridors, dummy_snake_entry, st_stairs_5,
          grunt_forest_stairs_clearing, uniq_nessos
Lair:5:   layout_regular_city, gammafunk_ghost_grave
Lair:6:   evil_forest, layout_small_grid, minmay_slime_entry_jelly_boxes,
          cheibrodos_lair_lostbears, serial_bayou_shore_b
Swamp:1:  layout_basic_swamp, evilmike_swamp_ruin_house_4,
          nicolae_swamp_godswood
Swamp:2:  layout_basic_swamp, hangedman_swamp_cone
Swamp:3:  layout_falls_marsh, evilmike_swamp_ruin_wall
Swamp:4:  swamp_pestilence, layout_basic_swamp
Orc:1:    layout_caves, library_closet
Orc:2:    st_orc_town, layout_caves, serial_shops, shop_coins

Skill      XL: |  1  2  3  4  5  6  7  8  9 10 11 12 13 14 15 |
---------------+----------------------------------------------+-----
Armour         | 3 4 5 6 7 8 9 10 | 10.6
Shields        | 3 4 5 6 7 9 10 | 10.8
Unarmed Combat | 3 4 5 6 8 9 11 13 15 16 | 16.1
Fighting       | 4 5 6 7 8 10 11 | 11.2
Evocations     | 1 3 4 5 6 7 8 |  8.0
Invocations    | 1 2 |  2.1
Maces & Flails | 4 6 |  6.5

Action                   |  1- 3 |  4- 6 |  7- 9 | 10-12 | 13-15 || total
-------------------------+-------+-------+-------+-------+-------++-------
Melee: Unarmed           |   114 |   252 |   397 |   526 |   700 ||  1989
       Flail             |       |       |       |     2 |       ||     2
       Morningstar       |       |       |       |       |    23 ||    23
Throw: Boomerang         |     1 |       |       |       |       ||     1
Invok: Heroism           |       |       |     1 |     8 |    17 ||    26
       Finesse           |       |       |       |     3 |     2 ||     5
Evoke: Wand              |       |       |     2 |    15 |    34 ||    51
  Use: Potion            |     1 |       |       |       |     7 ||     8
       Scroll            |       |     3 |     7 |     4 |    16 ||    30
 Stab: Sleeping          |       |       |       |     1 |     5 ||     6
       Distracted        |       |       |       |       |     1 ||     1
Armor: Scale mail        |    40 |       |       |       |       ||    40
       Chain mail        |    10 |   108 |   148 |   134 |       ||   400
       Ring mail         |       |       |       |    33 |   214 ||   247
       Quicksilver drago |       |       |       |       |    58 ||    58
Dodge: Dodged            |    22 |    80 |   118 |   189 |   392 ||   801
Block: Kite shield       |    49 |   120 |   214 |   271 |   455 ||  1109
